 Dungeon Crawl Stone Soup version 0.29.1-2-gbd0b4ee654 (webtiles) character file.

Game seed: 4302066820695971243

1736 KittyFluff the Cudgeller (level 9, -1/54 HPs)
             Began as a Gargoyle Berserker on Oct 31, 2022.
             Was a Priest of Trog.
             Slain by a yak (9 damage)
             ... on level 6 of the Dungeon.
             The game lasted 00:24:44 (7381 turns).

KittyFluff the Cudgeller (Gargoyle Berserker)       Turns: 7381, Time: 00:24:44

Health: -1/54      AC: 15    Str: 20    XL:     9   Next: 5%
Magic:  9/9        EV: 13    Int:  9    God:    Trog [***...]
Gold:   169        SH:  0    Dex: 13    Spells: 8/8 levels left

rFire   . . .      SeeInvis +   a - +0 mace
rCold   + . .      Faith    .   (no shield)
rNeg    + . .      Spirit   .   j - +1 leather armour of Objectivity {Fly rElec rPois rC+}
rPois   ∞          Reflect  .   i - +1 helmet
rElec   +          Harm     .   (no cloak)
rCorr   .          Rampage  .   (no gloves)
Will    .....                   n - +1 pair of boots
Stlth   ++........              (no amulet)
HPRegen 0.18/turn               p - ring of see invisible
MPRegen 0.11/turn               (no ring)

@: on berserk cooldown, flying, slowed, very slow
A: sickness immunity, AC +6, negative energy resistance 1, electricity
resistance, torment resistance 1, petrification resistance
a: Renounce Religion, Berserk, Trog's Hand


You were on level 6 of the Dungeon.
You worshipped Trog.
Trog was most pleased with you.
You visited 1 branch of the dungeon, and saw 6 of its levels.

You collected 364 gold pieces.
You spent 195 gold pieces at shops.

Inventory:

Hand Weapons
 a - a +0 mace (weapon)
 g - a +3 sling of freezing
 h - a +2 sling of flaming
 v - a +2 dire flail of holy wrath
Missiles
 t - 5 boomerangs (quivered)
Armour
 i - a +1 helmet (worn)
 j - the +1 leather armour of Objectivity (worn) {Fly rElec rPois rC+}
   (You found it on level 2 of the Dungeon)

   rC:        It protects you from cold.
   rElec:     It insulates you from electricity.
   rPois:     It protects you from poison.
   Fly:       It grants you flight.
 n - a +1 pair of boots (worn)
Jewellery
 p - a ring of see invisible (left hand)
Scrolls
 b - a scroll of identify
 e - 5 scrolls of immolation
 f - 2 scrolls of teleportation {unknown}
 k - a scroll of magic mapping {unknown}
 l - 2 scrolls of fog {unknown}
 m - a scroll of vulnerability {unknown}
 q - a scroll of noise {unknown}
 s - a scroll of summoning {unknown}
 w - a scroll of enchant weapon {unknown}
Potions
 c - 2 potions of might
 o - 3 potions of mutation
 r - 2 potions of curing


   Skills:
 + Level 5.4 Fighting
 + Level 7.7 Maces & Flails
 + Level 0.9 Throwing
 * Level 5.8 Armour
 + Level 4.6 Dodging
 + Level 2.8 Stealth


You had 8 spell levels left.
You didn't know any spells.
Your spell library was empty.

Dungeon Overview and Level Annotations

Branches:
Dungeon (6/15)             Temple (0/1) D:5

Altars:
Gozag
Qazlal
Ru
Trog
Vehumet
Yredelemnul

Shops:
D:2 =


Innate Abilities, Weirdness & Mutations

You are immune to sickness and miasma.
Your stone body is resilient. (AC +6)
You are immune to poison.
You resist negative energy. (rN+)
You are resistant to electric shocks. (rElec)
You are resistant to unholy torment.
You are immune to petrification.


Message History

The yak barely misses you. The yak closely misses you.
The yak barely misses you.
You sock the yak!
The yak is almost dead.
You hit the yak.
You kill the yak!
Trog accepts your kill. The yak misses you.
The yak gores you but does no damage.
You thump the yak!
The yak is moderately wounded.
The yak closely misses you. The yak gores you but does no damage.
You sock the yak!
The yak is heavily wounded.
You bludgeon the yak!!
You kill the yak!
Trog accepts your kill. The yak gores you!
* * * LOW HITPOINT WARNING * * *
The goblin shoots a sling bullet.
The sling bullet hits you.
* * * LOW HITPOINT WARNING * * *
You have reached level 9!
Your experience leads to an increase in your attributes!
Increase (S)trength, (I)ntelligence, or (D)exterity?
You feel agile. x2
You sock the yak!
The yak is moderately wounded.
The yak gores you.
* * * LOW HITPOINT WARNING * * *
The goblin shoots a sling bullet.
The sling bullet barely misses you.
You sock the yak!
The yak is heavily wounded.
You are no longer berserk.
You are exhausted.
You feel yourself slow down.
You hit the yak.
The yak is severely wounded.
The yak gores you.
* * * LOW HITPOINT WARNING * * *
The yak gores you!
You die...

###'#.. .# #
........# .#.#
#....##.##.#.#
##............####
.!..#.#.....$$...#
...............#
###.#..#.........#
#<#.#............#
#@g...##.........#
#Y#..............)
#.#..###.........#
#.#..# #.........#
.....###.........#
.#...##...........
#.....##...........
..#.(.##...........
#...........


You could see a yak and a goblin.

Vanquished Creatures
  A wyvern (D:6)
  4 yaks (D:6)
  Edmund (D:5)
  An ogre (D:5)
  A phantom (D:6)
  A bullfrog (D:6)
  A howler monkey (D:6)
  A jelly (D:6)
  2 hounds (D:5)
  2 orc priests
  Natasha (thrice) (D:2)
  3 iguanas
  An orc wizard (D:4)
  Terence (D:2)
  Robin (D:1)
  9 gnolls
  6 adders
  2 shadow imps
  An ufetubus (D:5)
  2 worms
  14 orcs
  A bat (D:2)
  6 endoplasms
  3 giant cockroaches
  13 goblins
  18 hobgoblins
  8 jackals
  5 kobolds
  6 quokkas
  4 ball pythons
  6 frilled lizards
  A rat (D:2)
129 creatures vanquished.

Notes
Turn   | Place    | Note
-------+----------+-------------------------------------------
     0 | D:1      | KittyFluff the Gargoyle Berserker began the quest for the
                  | Orb.
     0 | D:1      | Reached XP level 1. HP: 14/14 MP: 1/1
     2 | D:1      | Noticed an ogre
     2 | D:1      | Noticed a meteoran
     4 | D:1      | Noticed a ghoul
     4 | D:1      | Noticed a human
     6 | D:1      | Noticed a spriggan
     8 | D:1      | Noticed a gargoyle
    10 | D:1      | Noticed a felid
    10 | D:1      | Noticed a tengu
    12 | D:1      | Noticed a palentonga
    12 | D:1      | Noticed a minotaur
    14 | D:1      | Noticed a formicid
    14 | D:1      | Noticed a draconian
    16 | D:1      | Noticed a naga
    18 | D:1      | Noticed a demonspawn
    18 | D:1      | Noticed an octopode
    20 | D:1      | Noticed a troll
    20 | D:1      | Noticed a vine stalker
    22 | D:1      | Noticed an elf
    22 | D:1      | Noticed a demigod
    24 | D:1      | Noticed a vampire
    24 | D:1      | Noticed an elf
    26 | D:1      | Noticed a merfolk
    26 | D:1      | Noticed a meteoran
   699 | D:1      | Reached XP level 2. HP: 13/19 MP: 2/2
  1210 | D:2      | Found Benat's Jewellery Shop.
  1249 | D:2      | Noticed Robin
  1261 | D:1      | Reached XP level 3. HP: 13/23 MP: 3/3
  1421 | D:1      | Killed Robin
  1681 | D:2      | Noticed Natasha
  1688 | D:2      | Killed Natasha
  1689 | D:2      | Reached skill level 4 in Maces & Flails
  1689 | D:2      | Reached XP level 4. HP: 17/28 MP: 4/4
  1867 | D:2      | Noticed Terence
  1877 | D:2      | Killed Terence
  2085 | D:2      | Noticed Natasha
  2099 | D:2      | Killed Natasha
  2100 | D:2      | Reached skill level 1 in Stealth
  2173 | D:2      | Identified the +1 leather armour of Objectivity {Fly rElec
                  | rPois rC+}
  2187 | D:2      | Reached XP level 5. HP: 33/33 MP: 5/5
  2190 | D:2      | Reached ** piety under Trog
  2605 | D:2      | Noticed Natasha
  2615 | D:2      | Killed Natasha
  3190 | D:3      | Reached XP level 6. HP: 25/38 MP: 6/6
  3364 | D:3      | Found a bloodstained altar of Trog.
  3374 | D:3      | Reached skill level 5 in Maces & Flails
  3464 | D:3      | Found a faded altar of an unknown god.
  3518 | D:3      | Found a basalt altar of Yredelemnul.
  4198 | D:4      | Found an opulent altar of Gozag.
  4252 | D:4      | Found a stormy altar of Qazlal.
  4308 | D:4      | Reached *** piety under Trog
  4529 | D:2      | Bought a ring of see invisible for 195 gold pieces
  5659 | D:5      | Entered Level 5 of the Dungeon
  5750 | D:5      | Reached XP level 7. HP: 38/43 MP: 7/7
  5929 | D:5      | Found a sacrificial altar of Ru.
  6235 | D:5      | Found a staircase to the Ecumenical Temple.
  6314 | D:5      | Found a radiant altar of Vehumet.
  6320 | D:5      | Reached skill level 6 in Maces & Flails
  6696 | D:5      | Noticed Edmund
  6712 | D:5      | Killed Edmund
  6986 | D:6      | Noticed a wyvern
  7001 | D:6      | Killed a wyvern
  7002 | D:6      | Reached XP level 8. HP: 20/48 MP: 8/8
  7020 | D:6      | Noticed a yak
  7021 | D:6      | Noticed a yak
  7071 | D:6      | Reached skill level 5 in Armour
  7082 | D:6      | Reached skill level 5 in Fighting
  7083 | D:6      | HP: 2/73 [acid (4)]
  7086 | D:6      | Noticed a yak
  7088 | D:6      | Noticed a yak
  7349 | D:6      | Noticed a yak
  7360 | D:6      | Killed a yak
  7361 | D:6      | Reached skill level 7 in Maces & Flails
  7367 | D:6      | Killed a yak
  7375 | D:6      | Killed a yak
  7378 | D:6      | Killed a yak
  7379 | D:6      | Reached XP level 9. HP: 16/54 MP: 9/9
  7381 | D:6      | Slain by a yak

Illustrated notes

Levels and vault maps discovered:
D:1:      kb_arrival_jail, layout_basic
D:2:      minmay_recursive_quarters, layout_loops_ring, serial_shops,
          shop_coins, uniq_terence, uniq_robin, uniq_natasha
D:3:      layout_loops_cross, trog_antimagical, lemuel_round_altar,
          hellmonk_ecumenical_altar_leap_of_faith,
          chequers_serial_rivers_micro_a, minmay_box_of_dots
D:4:      layout_basic, mainiacjoe_overflow_paths, grunt_gozag_breadcrumbs,
          patterned_corridor
D:5:      layout_basic, nicolae_vehumet_radiance,
          mainiacjoe_overflow_cross_hatched, temple_statues, uniq_edmund
D:6:      minmay_goblin_kobold_castle, layout_basic, tgw_sif,
          gup_sewer_entry_spiral

Skill      XL: |  1  2  3  4  5  6  7  8 |
---------------+-------------------------+-----
Maces & Flails | 4 5 6 7 |  7.7
Dodging        | 2 3 4 |  4.6
Stealth        | 1 2 |  2.8
Armour         | 3 4 5 |  5.8
Fighting       | 4 5 |  5.4
Throwing       | |  0.9

Action                   |  1- 3 |  4- 6 |  7- 9 || total
-------------------------+-------+-------+-------++-------
Melee: Mace              |    70 |   313 |   181 ||   564
       Punch             |       |     3 |     3 ||     6
Throw: Boomerang         |       |       |     7 ||     7
Invok: Berserk           |     1 |     6 |     6 ||    13
  Use: Scroll            |       |     1 |     5 ||     6
       Potion            |       |       |     2 ||     2
 Stab: Sleeping          |     1 |     1 |     1 ||     3
Armor: Animal skin       |    23 |     5 |       ||    28
       Leather armour    |       |   117 |    82 ||   199
Dodge: Dodged            |    46 |   206 |   161 ||   413
